 Dungeon Crawl Stone Soup version 0.13-a0-1577-g2bae144 (webtiles) character file.

512 Kae the Chiller (level 6, -13/45 HPs)
             Began as a Draconian Ice Elementalist on June 11, 2013.
             Mangled by Menkaure (15 damage)
             ... on Level 4 of the Dungeon.
             The game lasted 00:05:57 (2980 turns).

Kae the Chiller (Draconian Ice Elementalist)        Turns: 2980, Time: 00:05:57

HP -13/45        AC  7     Str 11      XL: 6   Next: 52%
MP   9/12        EV 12     Int 17      God:
Gold 117         SH  0     Dex 12      Spells:  2 memorised,  7 levels left

Res.Fire  : . . .   See Invis. : .   (no weapon)
Res.Cold  : . . .   Warding    : .   (armour unavailable)
Life Prot.: . . .   Conserve   : .   (no shield)
Res.Poison: .       Res.Corr.  : .   (helmet restricted)
Res.Elec. : .       Clarity    : .   y - +0 cloak
Sust.Abil.: . .     Spirit.Shd : .   (no gloves)
Res.Mut.  : .       Stasis     : .   (no boots)
Res.Rott. : .       Flight     : .   (no amulet)
Saprovore : . . .                    (no ring)
                                     (no ring)

@: slow, somewhat resistant to hostile enchantments, unstealthy
A: unfitting armour, magic resistance 1, slowness 1, AC +6, Dex +1
a: no special abilities


You were on level 4 of the Dungeon.
You were not hungry.

You visited 1 branch of the dungeon, and saw 4 of its levels.

You collected 97 gold pieces.

Inventory:

Armour
 y - a +0 cloak (worn)
Comestibles
 c - 2 bread rations
 q - 2 chunks of orc flesh
 s - a choko
Scrolls
 d - 4 scrolls of remove curse {unknown}
 e - 3 scrolls of identify {unknown}
 f - a scroll of magic mapping {unknown}
 k - a scroll of fog {unknown}
 l - a scroll of curse armour {unknown}
 n - a scroll of blinking {unknown}
 r - a scroll of amnesia {unknown}
 u - a scroll of noise {unknown}
 v - a scroll of recharging {unknown}
 w - a scroll of enchant weapon I {unknown}
Jewellery
 m - an uncursed amulet of faith {unknown}
 p - an uncursed amulet of resist mutation {unknown}
Potions
 a - a potion of mutation
 h - a potion of flight {unknown}
 i - 2 potions of curing {unknown}
 j - a potion of magic {unknown}
 o - a potion of restore abilities
 t - 2 potions of heal wounds {unknown}
 x - a potion of confusion {unknown}
Books
 b - a book of Frost

   Spells                             Type                      Level
   *Freeze                            Ice                          1
   *Throw Frost                       Conjuration/Ice              2
   Ozocubu's Armour                   Charms/Ice                   3
   Throw Icicle                       Conjuration/Ice              4
   Summon Ice Beast                   Ice/Summoning                4
   Condensation Shield                Ice                          4


   Skills:
 - Level 1.7 Dodging
 - Level 1.7 Stealth
 + Level 2.7 Spellcasting
 * Level 4.0 Conjurations
 * Level 5.4 Ice Magic


You had 7 spell levels left.
You knew the following spells:

 Your Spells              Type           Power        Failure   Level  Hunger
a - Freeze                Ice            ###.         1%          1    #......
b - Throw Frost           Conj/Ice       ###...       4%          2    ##.....


Dungeon Overview and Level Annotations

Branches:
Dungeon (4/27)
 Temple: D:4-7

Altars:
Elyvilon
Makhleb

Annotations
D:4 Menkaure


Innate Abilities, Weirdness & Mutations

Your plain brown scales are hard (AC +6).
Your body does not fit into most forms of armour.
Your cold-blooded metabolism reacts poorly to cold.
You are agile (Dex +1).
You are resistant to hostile enchantments.
You cover ground slowly.


Message History

You assume a fearsome visage.
Nothing appears to happen.
It was a scroll of fear.
You start resting.
The orc shouts!
Menkaure closely misses you.
Read which item? (? for menu, Esc to quit)
As you read the scroll of fear, it crumbles to dust.
You assume a fearsome visage.
Menkaure is unaffected.
The orc looks frightened!
The orc looks frightened!
Menkaure mumbles in an indecipherable tongue.
Menkaure hits you!
* * * LOW HITPOINT WARNING * * *
Drink which item? (? for menu, Esc to quit)
You feel extremely strange.
You feel resistant to hostile enchantments.
You feel agile.
You feel sluggish.
It was a potion of mutation.
Drink which item? (? for menu, Esc to quit)
You feel refreshed.
It was a potion of restore abilities.
Menkaure hits you!
You die...

#...#.#
#........+..:.
#...#.#
##########....
#####.#
#.....Mo.o....
#.#
#.########....
#.# #o# #....
#.# #o# #....
#.# #.# #####
#.#####.#
#..@M...#
#########


You could see Menkaure.

Vanquished Creatures
  A sky beast (D:3)
  The ghost of Kae the Chiller, an average DrIE (D:4)
  A crimson imp (D:3)
  3 orc wizards (D:4)
  A worker ant (D:4)
  3 adders (D:2)
  5 giant geckos
  7 orcs (D:4)
  A giant cockroach (D:1)
  9 goblins
  8 hobgoblins
  A quokka (D:4)
  2 ball pythons (D:3)
  7 bats
  A giant newt (D:2)
  6 kobolds
  8 rats
65 creatures vanquished.

Vanquished Creatures (others)
  A hobgoblin (D:3)
  3 goblins
4 creatures vanquished.

Grand Total: 69 creatures vanquished

Notes
Turn   | Place    | Note
--------------------------------------------------------------
     0 | D:1      | Kae, the Draconian Ice Elementalist, began the quest for the Orb.
     0 | D:1      | Reached XP level 1. HP: 14/14 MP: 3/3
   242 | D:1      | Reached XP level 2. HP: 18/20 MP: 1/4
   246 | D:1      | Learned a level 2 spell: Throw Frost
   835 | D:2      | Reached XP level 3. HP: 20/26 MP: 1/6
  1095 | D:2      | Reached skill level 4 in Ice Magic
  1109 | D:2      | HP: 1/26 [poisoned by an adder]
  1564 | D:3      | Found a white marble altar of Elyvilon.
  1730 | D:3      | Reached XP level 4. HP: 33/33 MP: 5/7
  1764 | D:3      | Noticed a sky beast
  1888 | D:3      | Found a burning altar of Makhleb.
  1890 | D:3      | Noticed a balrug
  2148 | D:3      | Killed a sky beast
  2148 | D:3      | Reached XP level 5. HP: 17/38 MP: 3/9
  2383 | D:4      | Noticed Kae's ghost (average DrIE)
  2392 | D:4      | Killed Kae's ghost
  2392 | D:4      | Reached skill level 5 in Ice Magic
  2392 | D:4      | Reached XP level 6. HP: 28/45 MP: 4/11
  2465 | D:4      | Noticed Menkaure
  2975 | D:4      | HP: 2/45 [Menkaure (14)]
  2979 | D:4      | Gained mutation: You are resistant to hostile enchantments. [potion of mutation]
  2979 | D:4      | Gained mutation: You are agile (Dex +1). [potion of mutation]
  2979 | D:4      | Gained mutation: You cover ground slowly. [potion of mutation]
  2980 | D:4      | Mangled by Menkaure

Action                   |  1- 3 |  4- 6 || total
-------------------------+-------+-------++-------
Melee: Unarmed           |    63 |     5 ||    68
 Cast: Freeze            |    55 |    58 ||   113
       Throw Frost       |     2 |       ||     2
  Use: Scroll            |       |     2 ||     2
       Potion            |       |     2 ||     2
 Stab: Sleeping          |     1 |       ||     1
